 Dungeon Crawl Stone Soup version 0.28-a0-863-g8cecda6153 (webtiles) character file.

Game seed: 5569761017299935925

5 meatgazer the Skirmisher (level 1, -4/18 HPs)
             Began as a Demonspawn Abyssal Knight on Nov 17, 2021.
             Was a Follower of Lugonu.
             Slain by a demonic crawler (5 damage)
             ... on level 2 of the Abyss.
             The game lasted 00:00:27 (92 turns).

meatgazer the Skirmisher (Demonspawn Abyssal Knight)  Turns: 92, Time: 00:00:28

Health: -4/18      AC:  3    Str: 13    XL:     1   Next: 66%
Magic:  2/2        EV: 11    Int: 11    God:    Lugonu [*.....]
Gold:   113        SH:  0    Dex: 13    Spells: 0/0 levels left

rFire   . . .      SeeInvis .   a - +1 spear
rCold   . . .      Faith    .   (no shield)
rNeg    . . .      Spirit   .   b - +0 leather armour
rPois   .          Reflect  .   (no helmet)
rElec   .          Harm     .   (no cloak)
rCorr   .          Rampage  .   (no gloves)
Will    .....                   (no boots)
Stlth   +.........              (no amulet)
HPRegen 0.06/turn               (no ring)
MPRegen 0.08/turn               (no ring)

@: no status effects
A: no striking features
a: Renounce Religion, Depart the Abyss


You were on level 2 of the Abyss.
You worshipped Lugonu.
Lugonu was aware of your devotion.
You visited 0 branches of the dungeon, and saw 0 of its levels.
You visited the Abyss 1 time.

You collected 113 gold pieces.

Inventory:

Hand Weapons
 a - a +1 spear (weapon)
Armour
 b - a +0 leather armour (worn)
Wands
 g - a wand of acid (3)
Scrolls
 c - a scroll of identify {unknown}
 d - a scroll of acquirement {unknown}
 f - a scroll of fear {unknown}


   Skills:
 + Level 3.4 Fighting
 + Level 1.7 Polearms
 + Level 1.7 Armour
 + Level 0.8 Dodging
 + Level 2.4 Invocations


You couldn't memorise any spells.
You didn't know any spells.
Your spell library was empty.

Dungeon Overview and Level Annotations

Branches:
Dungeon (0/15)

Altars:


Message History

Aiming: Corrosive Bolt
Press: ? - help, Shift-Dir - straight line, f/p - ufetubus
Aim: an ufetubus (53% to hit)
The bolt of acid hits the ufetubus!
The acid corrodes the ufetubus!
You kill the ufetubus!
You now have 113 gold pieces (gained 20).
A demonic crawler comes into view.
The demonic crawler gives a hideous shriek!
Aiming: Corrosive Bolt
Press: ? - help, Shift-Dir - straight line, f - demonic crawler
Aim: a demonic crawler (86% to hit)
The bolt of acid hits the demonic crawler but does no damage.
Aiming: Corrosive Bolt
Press: ? - help, Shift-Dir - straight line, f/p - demonic crawler
Aim: a demonic crawler (86% to hit)
The bolt of acid hits the demonic crawler.
The acid corrodes the demonic crawler!
The demonic crawler is lightly wounded.
Aiming: Corrosive Bolt
Press: ? - help, Shift-Dir - straight line, f/p - demonic crawler
Aim: a demonic crawler (lightly wounded, covered in acid, 86% to hit)
The bolt of acid misses the demonic crawler.
It was a potion of heal wounds.
You feel much better. The demonic crawler hits you.
The demonic crawler closely misses you.
The demonic crawler completely misses you.
You feel much better. The demonic crawler closely misses you.
The demonic crawler hits you but does no damage.
The demonic crawler hits you.
Aiming: Corrosive Bolt
Press: ? - help, Shift-Dir - straight line, f/p - demonic crawler
Aim: a demonic crawler (lightly wounded, covered in acid, 86% to hit)
The bolt of acid hits the demonic crawler!
The demonic crawler seems to be corroded for longer.
The demonic crawler is moderately wounded.
The demonic crawler hits you. The demonic crawler misses you.
The demonic crawler hits you!
Ouch! That really hurt!
* * * LOW HITPOINT WARNING * * *
The demonic crawler hits you.
You die...

.. ...#. ###.# #.
.....#..#.# .#. #
.## #.#.#.#...###
...##...## ...#..#
... .##... ..#..
.....###...#.#.#.##
. ...# .####...#
#.# . .#. #
#...###...# .#..
#.##.@s....# .#. #
##....#... #...##
.#...# . .#.# #.
..#. .# ..... . ...
.#


You could see a demonic crawler (corroded).

Vanquished Creatures
  An ufetubus (Abyss:2)
1 creature vanquished.

Notes
Turn   | Place    | Note
-------+----------+-------------------------------------------
     0 | Abyss:1  | meatgazer the Demonspawn Abyssal Knight began the quest for
                  | the Orb.
     0 | Abyss:1  | Reached XP level 1. HP: 18/18 MP: 2/2
    86 | Abyss:2  | Noticed a demonic crawler
    92 | Abyss:2  | Slain by a demonic crawler

Illustrated notes

Levels and vault maps discovered:
Abyss:2:  base: Temple, hangedman_abyss_or_decor_jellyfish_corner

Action                   || total
-------------------------++-------
Evoke: Wand              ||     6
  Use: Potion            ||     2
Armor: Leather armour    ||     1
Dodge: Dodged            ||     4

Table legend: (Time is in decaauts)
 A = Elapsed time spent in this place.
 B = Non-inter-level travel time spent in this place.
 C = Inter-level travel time spent in this place.
 D = Time resting spent in this place.
 E = Time spent auto-exploring this place.
 F = Levels seen in this place.
 G = Mean time per level.
                   A        B        C        D        E       F      G
               +--------+--------+--------+--------+--------+-----+--------+
         Total |     91 |     91 |      0 |      0 |     65 |   2 |   45.5 |
         Abyss |     91 |     91 |      0 |      0 |     65 |   2 |   45.5 |
               +--------+--------+--------+--------+--------+-----+--------+

Top non-repeatable levels by time:
 Abyss:2: 84 daAuts
 Abyss:1: 7 daAuts
